 Dungeon Crawl Stone Soup version 0.31-a0-369-g8eba5f6939 (webtiles) character file.

Game seed: 1788033098640279897

13596 runemasterragnar the Grappler (level 11, -17/86 HPs)
             Began as a Troll Shapeshifter on July 28, 2023.
             Was the Champion of Fedhas.
             Demolished by a cyclops (31 damage)
             ... on level 12 of the Dungeon.
             The game lasted 00:12:58 (9419 turns).

runemasterragnar the Grappler (Troll Shapeshifter)  Turns: 9419, Time: 00:12:59

Health: -17/86     AC:  2    Str: 27    XL:     11   Next: 77%
Magic:  24/24      EV: 11    Int:  4    God:    Fedhas [******]
Gold:   736        SH:  5    Dex: 10    Spells: 10/10 levels left

rFire   + +          .
                       - Unarmed
rCold   . . .        (no shield)
rNeg    . . .        B - melded +3 steam dragon scales
rPois   .            (helmet restricted)
rElec   .            (no cloak)
rCorr   .            (gloves unavailable)
SInv    .            (boots unavailable)
Will    .....        k - amulet of reflection
Stlth   ++           I - ring of Fooshri {Fly rF+ MP+9}
HPRegen 1.14/turn    o - ring "Ohoom" {rF+ Stlth+}
MPRegen 0.19/turn

%: reflection
@: maw-form, flying
A: devouring maw, reduced hp, large, unfitting armour, claws 3, regeneration 1,
shaggy fur 1, tough skin 1, horns 1, talons 1, dopey 1
a: Begin Untransformation, Renounce Religion, Wall of Briars, Grow
Ballistomycete, Overgrow, Grow Oklob


You were on level 12 of the Dungeon.
You worshipped Fedhas.
Fedhas was exalted by your worship.
You were a creature with a mouth for a stomach.
You visited 1 branch of the dungeon, and saw 12 of its levels.
You also visited: Ossuary.

You collected 736 gold pieces.

Inventory:

Hand Weapons
 K - a +4 scimitar of flaming
Missiles
 t - a throwing net
 P - 8 large rocks
Armour
 a - a +1 animal skin
 p - a +1 cloak
 B - +3 steam dragon scales (melded)
Magical Staves
 A - a staff of air
Jewellery
 k - an amulet of reflection (around neck)
 l - a ring of protection from fire
 n - a ring of magical power
 o - the ring "Ohoom" (right claw) {rF+ Stlth+}
   (You found it on level 2 of the Dungeon)

   [ring of protection from fire]

   rF:        It protects you from fire.
   Stlth:     It makes you more stealthy.
 I - the ring of Fooshri (left claw) {Fly rF+ MP+9}
   (You found it on level 8 of the Dungeon)

   [ring of flight]

   rF:        It protects you from fire.
   MP:        It affects your magic capacity (+9).
   Fly:       It grants you flight.
 J - an amulet of guardian spirit
Talismans
 c - a beast talisman
 N - a maw talisman
Wands
 j - a wand of iceblast (12)
 s - a wand of charming (19)
 L - a wand of flame (26)
Scrolls
 e - 5 scrolls of teleportation
 h - 4 scrolls of vulnerability
 q - 2 scrolls of enchant armour
 r - 2 scrolls of fog
 y - a scroll of poison {unknown}
 z - 2 scrolls of revelation {unknown}
 C - a scroll of torment {unknown}
 E - 2 scrolls of identify
 F - a scroll of acquirement {unknown}
 G - a scroll of amnesia
 H - 2 scrolls of immolation {unknown}
 M - a scroll of butterflies
 O - a scroll of blinking
 S - a scroll of silence {unknown}
Potions
 b - 3 potions of lignification
 d - 3 potions of ambrosia
 f - 6 potions of brilliance
 g - a potion of cancellation
 i - a potion of mutation
 m - 7 potions of curing
 u - 5 potions of haste
 v - 2 potions of resistance
 w - 2 potions of heal wounds
 x - 2 potions of enlightenment
 D - a potion of attraction
 Q - a potion of invisibility {unknown}
 R - a potion of degeneration {unknown}


   Skills:
 + Level 6.6 Fighting
 + Level 2.1 Throwing
 + Level 4.6 Armour
 - Level 4.6 Dodging
 * Level 11.5 Unarmed Combat
 + Level 6.8 Invocations
 + Level 7.1 Shapeshifting


You had 10 spell levels left.
You didn't know any spells.
Your spell library contained the following spells:

 Spells                   Type           Power      Damage    Failure   Level
 Apportation              Tloc           0%         N/A       50%         1
 Necrotise                Necr           0%         1d4       50%         1
 Slow                     Hex            0%         N/A       50%         1
 Summon Small Mammal      Summ           0%         N/A       50%         1
 Call Canine Familiar     Summ           0%         N/A       86%         3
 Confusing Touch          Hex            0%         N/A       86%         3
 Portal Projectile        Hex/Tloc       0%         N/A       86%         3
 Tukima's Dance           Hex            0%         N/A       86%         3
 Vampiric Draining        Necr           0%         2d6       86%         3
 Iskenderun's Mystic Bla  Conj/Tloc      0%         2d3       99%         4
 Leda's Liquefaction      Hex/Erth       0%         N/A       99%         4
 Conjure Ball Lightning   Conj/Air       0%         3x3d6     100%        6
 Discord                  Hex            0%         N/A       100%        8
 Disjunction              Tloc           0%         N/A       100%        8


Dungeon Overview and Level Annotations

Branches:
Dungeon (12/15)            Temple (0/1) D:5            Lair (0/5) D:9
    Orc (0/2) D:10        Ossuary (visited)

Altars:
Ashenzari
Dithmenos
Fedhas
Kikubaaqudgha
Makhleb
Qazlal
Vehumet
Wu Jian
Xom
Zin

Portals:
Trove: D:11 (give +4 ice dragon scales)


Innate Abilities, Weirdness & Mutations

You are a creature with a mouth for a stomach.
Your midsection houses a second, enormous mouth.
Your maximum health is decreased, since you lack skill for your form.
You are too large for most types of armour.
You have claws for hands.
Your natural rate of healing is unusually fast.
You are covered in fur. (AC +1)
You have tough skin. (AC +1)
You have a pair of small horns on your head.
You have sharp toenails.
You are dopey. (Int -2)


Message History

Fedhas appreciates your contribution to the ecosystem.
Your Throwing skill increases to level 2!
P - 8 large rocks (gained 2)
An acid dragon comes into view.
An acid dragon is nearby!
An acid dragon is nearby!
An acid dragon is nearby!
The acid dragon spits acid at you.
You block splash of acid... and reflect it back!
The splash of acid hits the acid dragon!
The acid dragon bites you! The acid dragon barely misses you.
You claw the acid dragon!
You devour the acid dragon!
You feel better.
You kill the acid dragon!
Fedhas appreciates your contribution to the ecosystem.
No target in view!
There is an open door here.
There is an open door here.
There is an open door here.
There is an open door here.
You see here a book of Debilitation.
There is an open door here.
As you open the door, it creaks loudly!
Key pressed, stopping explore.
There is an open door here.
You reach down and open the door.
There is an open door here.
A cyclops comes into view.
A cyclops is nearby!
A cyclops is nearby!
The cyclops shouts!
The cyclops throws a large rock.
The large rock hits you!!!
Ouch! That really hurt!
The cyclops hits you!!
* * * LOW HITPOINT WARNING * * *
You claw the cyclops! You claw the cyclops, but do no damage.
You claw the cyclops! You bite the cyclops.
The cyclops is severely wounded.
The cyclops hits you!!
You die...
Fedhas appreciates your contribution to the ecosystem.

#...# ###....######## #...#
#....#....... #...#
#....#....... #...#
#....'....... #.$.#
#....#....... #...#
###..#....... ######...#
#..#)......
.........##########..########
............WC...............
..........##########.#####...
..........#........#.#...#...
..........'........#.#...'.##
..........#........#.'..:#.#.
..........#........#.#...#.#.
..........#####....#.#####.##
..###+##......###'##.........
#.....................


You could see a cyclops.

Vanquished Creatures
  Erica (D:8)
  2 two-headed ogres
  A deep elf pyromancer (D:12)
  3 cyclopes
  Joseph (D:8)
  Maggie (D:8)
  3 gargoyles (D:11)
  A kobold demonologist (D:11)
  An unseen horror (D:12)
  An efreet (D:11)
  3 trolls (D:11)
  A hornet (D:10)
  Sigmund (D:5)
  3 shadows
  A vampire (D:9)
  A wyvern (D:8)
  6 yaks (D:9)
  2 steam dragons
  Menkaure (D:6)
  2 acid dragons
  Edmund (D:4)
  3 water moccasins
  Duvessa (D:5)
  3 black bears
  4 orc warriors
  A sky beast (D:7)
  A hornet zombie (Ossuary)
  2 ogres (D:5)
  A phantom (D:5)
  4 centaurs
  A kobold brigand (D:9)
  A bullfrog (D:9)
  2 gnoll sergeants
  A water moccasin zombie (Ossuary)
  A scorpion (D:6)
  Dowan (D:5)
  A wyvern zombie (Ossuary)
  3 wights (D:8)
  7 killer bees
  3 howler monkeys
  6 centaur zombies (Ossuary)
  9 bullfrog zombies (Ossuary)
  3 hounds
  6 orc priests
  3 jellies
  6 iguanas
  Ijyb (D:5)
  10 orc wizards
  12 mummies (Ossuary)
  2 howler monkey zombies (Ossuary)
  16 gnolls
  7 adders
  A shadow imp (D:5)
  3 white imps
  4 ufetubi
  4 worms
  4 dart slugs
  37 orcs
  6 endoplasms
  5 giant cockroaches
  9 goblins
  7 hobgoblins
  11 jackals (D:1)
  3 quokkas
  6 ball pythons
  3 bats (D:1)
  2 frilled lizards
  11 kobolds
  7 rats
282 creatures vanquished.

Vanquished Creatures (others)
  A sleepcap (D:5)
  3 orcs (D:4)
  A ball python (D:4)
5 creatures vanquished.

Grand Total: 287 creatures vanquished

Notes
Turn   | Place    | Note
-------+----------+-------------------------------------------
     0 | D:1      | runemasterragnar the Troll Shapeshifter began the quest for
                  | the Orb.
     0 | D:1      | Reached XP level 1. HP: 18/18 MP: 0/0
   174 | D:1      | Reached skill level 1 in Fighting
   175 | D:1      | Reached XP level 2. HP: 25/27 MP: 1/1
   642 | D:1      | Reached XP level 3. HP: 33/33 MP: 2/2
   735 | D:1      | Found a faded altar of an unknown god.
   922 | D:1      | Prayed at the altar of an unknown god.
   922 | D:1      | Became a worshipper of Fedhas Madash
   922 | D:1      | Reached * piety under Fedhas
  1276 | D:2      | Identified the ring "Ohoom" {rF+ Stlth+}
  1297 | D:2      | Reached XP level 4. HP: 41/41 MP: 3/3
  1301 | D:2      | Reached ** piety under Fedhas
  1620 | D:3      | Reached skill level 4 in Unarmed Combat
  1626 | D:3      | Reached skill level 1 in Invocations
  1626 | D:3      | Reached XP level 5. HP: 29/49 MP: 4/4
  1797 | D:3      | Found a radiant altar of Vehumet.
  2176 | D:3      | Gained mutation: You have sharp toenails. [potion of
                  | mutation]
  2176 | D:3      | Gained mutation: You have a pair of small horns on your
                  | head. [potion of mutation]
  2176 | D:3      | Gained mutation: You are dopey. (Int -2) [potion of
                  | mutation]
  2296 | D:4      | Reached *** piety under Fedhas
  2300 | D:4      | Reached XP level 6. HP: 51/57 MP: 6/6
  2389 | D:4      | Found a sand-covered staircase.
  2479 | Ossuary  | Entered an ossuary
  2501 | Ossuary  | Reached skill level 5 in Unarmed Combat
  2548 | Ossuary  | Reached XP level 7. HP: 66/66 MP: 7/7
  2628 | Ossuary  | Reached **** piety under Fedhas
  2629 | Ossuary  | Reached skill level 6 in Unarmed Combat
  2694 | Ossuary  | Reached XP level 8. HP: 75/75 MP: 9/9
  2937 | D:4      | Found a shadowy altar of Dithmenos.
  2955 | D:4      | Noticed Edmund
  2964 | D:4      | Killed Edmund
  3031 | D:4      | Found a burning altar of Makhleb.
  3125 | D:4      | Found a glowing silver altar of Zin.
  3125 | D:4      | Noticed a blizzard demon
  3125 | D:4      | Noticed an angel
  3180 | D:5      | Entered Level 5 of the Dungeon
  3221 | D:5      | Found a shimmering altar of Xom.
  3306 | D:5      | Noticed Ijyb
  3313 | D:5      | Killed Ijyb
  3358 | D:5      | Reached skill level 7 in Unarmed Combat
  3421 | D:5      | Reached XP level 9. HP: 81/84 MP: 10/10
  3521 | D:5      | Noticed Duvessa
  3529 | D:5      | Killed Duvessa
  3536 | D:5      | Noticed Dowan
  3540 | D:5      | Killed Dowan
  3541 | D:5      | Reached skill level 5 in Shapeshifting
  3661 | D:5      | Found a staircase to the Ecumenical Temple.
  3760 | D:5      | Reached ***** piety under Fedhas
  3801 | D:5      | Noticed Sigmund
  3805 | D:5      | Killed Sigmund
  3806 | D:5      | Reached skill level 8 in Unarmed Combat
  4347 | D:6      | Noticed Menkaure
  4353 | D:6      | Killed Menkaure
  4354 | D:6      | Reached skill level 1 in Armour
  5005 | D:7      | Found a broken altar of Ashenzari.
  5061 | D:7      | Found an ornate altar of the Wu Jian Council.
  5627 | D:8      | Found an ancient bone altar of Kikubaaqudgha.
  5648 | D:8      | Noticed Joseph
  5665 | D:8      | Killed Joseph
  5666 | D:8      | Reached skill level 5 in Fighting
  5666 | D:8      | Reached skill level 9 in Unarmed Combat
  5666 | D:8      | Reached skill level 5 in Invocations
  5666 | D:8      | Reached XP level 10. HP: 74/96 MP: 12/12
  5686 | D:8      | Identified the ring of Fooshri {Fly rF+ MP+9}
  5813 | D:8      | Noticed Maggie
  5824 | D:8      | Killed Maggie
  5973 | D:8      | Noticed Erica
  5984 | D:8      | Killed Erica
  6513 | D:9      | Found a stormy altar of Qazlal.
  6662 | D:9      | Found a staircase to the Lair.
  6810 | D:9      | Reached skill level 10 in Unarmed Combat
  7023 | D:10     | Entered Level 10 of the Dungeon
  7073 | D:10     | Found a staircase to the Orcish Mines.
  7261 | D:10     | Noticed a two-headed ogre
  7269 | D:10     | Killed a two-headed ogre
  7341 | D:10     | Reached XP level 11. HP: 78/105 MP: 14/14
  7679 | D:11     | Reached ****** piety under Fedhas
  7730 | D:11     | Reached skill level 11 in Unarmed Combat
  8224 | D:11     | Reached skill level 1 in Throwing
  8662 | D:11     | Found a portal to a secret trove of treasure.
  8895 | D:12     | Noticed a deep elf pyromancer
  8905 | D:12     | Killed a deep elf pyromancer
  9128 | D:12     | Noticed a two-headed ogre
  9136 | D:12     | Killed a two-headed ogre
  9419 | D:12     | Demolished by a cyclops

Illustrated notes

Levels and vault maps discovered:
D:1:      dpeg_arrival_short_road, layout_basic, nicolae_ecumenical_lake_church
D:2:      layout_loops_ring, minmay_curled_crystal
D:3:      layout_loops_cross, nicolae_vehumet_altar_sigil
D:4:      layout_loops_ring, grunt_temple_overflow_order_and_chaos_2,
          lemuel_tele_altar, nicolae_ossuary_entry_false_entrances, uniq_edmund,
          uniq_crazy_yiuf_cottage
D:5:      layout_basic, xom_confusion_cloud, minmay_temple_entry_fiery,
          uniq_ijyb, uniq_sigmund, uniq_duvessa
D:6:      layout_loops_cross, uniq_menkaure
D:7:      layout_basic, nzn_wu_jian_contemplation, evilmike_ruin_ashenzari,
          grunt_ministairs_5, grunt_decor_mini_mirrors
D:8:      layout_cave_pods, overflow_temple_1_default, uniq_maggie, uniq_erica,
          uniq_joseph
D:9:      layout_roguey, grunt_qazlal_clouds, lair_entry_dummy
D:10:     layout_roguey, minmay_orc_entry_temple_small
D:11:     layout_loops_ring, trove_entry_hex_spiral, minivault_16,
          minmay_starry_boxes
D:12:     layout_irregular_city

Skill      XL: |  1  2  3  4  5  6  7  8  9 10 11 |
---------------+----------------------------------+-----
Fighting       | 1 2 3 4 5 6 |  6.6
Dodging        | 2 3 4 |  4.6
Unarmed Combat | 4 5 6 7 9 10 11 | 11.5
Invocations    | 1 2 3 5 6 |  6.8
Shapeshifting  | 4 5 6 7 |  7.1
Armour         | 1 3 4 |  4.6
Throwing       | 2 |  2.1

Action                     |  1- 3 |  4- 6 |  7- 9 | 10-12 || total
---------------------------+-------+-------+-------+-------++-------
  Melee: Unarmed           |   114 |   120 |   222 |   227 ||   683
         Punch             |       |     4 |     6 |    11 ||    21
         Kick              |       |    13 |    61 |    55 ||   129
         Headbutt          |       |     9 |    37 |    39 ||    85
         Maw               |       |       |       |    26 ||    26
    Use: Scroll            |       |    10 |     9 |     4 ||    23
         Potion            |       |     1 |       |       ||     1
   Stab: Sleeping          |       |     4 |     4 |     1 ||     9
         Distracted        |       |       |     3 |     1 ||     4
 Armour: Animal skin       |    46 |    13 |    24 |       ||    83
         Steam dragon scal |       |       |    32 |    40 ||    72
         Skin              |       |       |       |     6 ||     6
  Dodge: Dodged            |    62 |    38 |    76 |    84 ||   260
  Block: Other             |     5 |    24 |    41 |    42 ||   112
         Reflection        |     2 |       |       |     5 ||     7
   Form: Maw               |       |       |       |     1 ||     1

Table legend: (Time is in decaauts)
 A = Elapsed time spent in this place.
 B = Non-inter-level travel time spent in this place.
 C = Inter-level travel time spent in this place.
 D = Time resting spent in this place.
 E = Time spent auto-exploring this place.
 F = Levels seen in this place.
 G = Mean time per level.
                   A        B        C        D        E       F      G
               +--------+--------+--------+--------+--------+-----+--------+
         Total |   9333 |   8809 |    524 |      4 |   7190 |  13 |  717.9 |
       Dungeon |   8994 |   8470 |    524 |      4 |   7018 |  12 |  749.5 |
       Ossuary |    339 |    339 |      0 |      0 |    172 |   1 |  339.0 |
               +--------+--------+--------+--------+--------+-----+--------+

Top non-repeatable levels by time:
    D:11: 1227 daAuts
     D:1: 944 daAuts
     D:5: 939 daAuts
     D:8: 799 daAuts
     D:7: 799 daAuts
     D:3: 681 daAuts
     D:9: 647 daAuts
     D:6: 629 daAuts
    D:10: 613 daAuts
     D:4: 599 daAuts
     D:2: 587 daAuts
    D:12: 527 daAuts
 Ossuary: 339 daAuts
